 Dungeon Crawl Stone Soup version 0.31-a0-204-g7da18cac08 (webtiles) character file.

Game seed: 9621407019789158918

107888 bobo the Eclecticist (level 16, -1/98 HPs)
             Began as a Deep Elf Earth Elementalist on June 26, 2023.
             Was the Champion of Vehumet.
             Killed from afar by Aizul (37 damage)
             ... with a bolt of poison
             ... on level 2 of the Swamp on June 27, 2023.
             The game lasted 01:56:29 (26012 turns).

bobo the Eclecticist (Deep Elf Earth Elementalist) Turns: 26012, Time: 01:56:31

Health: -1/98      AC: 19    Str:  5    XL:     16   Next: 1%
Magic:  7/50       EV: 24    Int: 29    God:    Vehumet [******]
Gold:   988        SH:  9    Dex: 28    Spells: 2/53 levels left

rFire   . . .        O - +8 trident "Xiro" {heavy, rCorr Dex+5 SInv Stlth-}
rCold   + . .        z - +3 buckler
rNeg    . . .        Q - +4 troll leather armour
rPois   .            q - +2 hat
rElec   .            b - +2 cloak
rCorr   +            N - +2 pair of gloves
SInv    +            e - +2 pair of boots
Will    +....        G - amulet of magic regeneration
Stlth   ++           i - +5 ring of evasion
HPRegen 1.16/turn    v - ring "Icsinei" {rC+ MP+9 Dex+8}
MPRegen 0.72/turn

%: no passive effects
@: lethally poisoned (-1 -> -20), about to teleport
A: no striking features
a: Renounce Religion


You were on level 2 of the Swamp.
You worshipped Vehumet.
Vehumet was exalted by your worship.
You visited 6 branches of the dungeon, and saw 26 of its levels.
You also visited: Ossuary and Bailey.

You collected 1854 gold pieces.
You spent 866 gold pieces at shops.

Inventory:

Hand Weapons
 g - a +2 vampiric short sword
 O - the +8 trident "Xiro" (weapon) {heavy, rCorr Dex+5 SInv Stlth-}
   (You took it off an orc on level 11 of the Dungeon)

   Dex:       It affects your dexterity (+5).
   SInv:      It lets you see invisible.
   rCorr:     It protects you from acid and corrosion.
   Stlth:     It makes you less stealthy.
 S - a +11 long sword
Armour
 b - a +2 cloak (worn)
 e - a +2 pair of boots (worn)
 q - a +2 hat (worn)
 z - a +3 buckler (worn)
 N - a +2 pair of gloves (worn)
 Q - a +4 troll leather armour (worn)
Jewellery
 i - a +5 ring of evasion (left hand)
 r - a ring of see invisible
 t - a ring of flight
 v - the ring "Icsinei" (right hand) {rC+ MP+9 Dex+8}
   (You bought it in a shop on level 1 of the Snake Pit)

   [ring of magical power]

   Dex:       It affects your dexterity (+8).
   rC:        It protects you from cold.
   MP:        It affects your magic capacity (+9).
 G - an amulet of magic regeneration (around neck)
 T - an amulet of reflection
Wands
 k - a wand of digging (8)
 y - a wand of flame (41)
 F - a wand of quicksilver (38)
 H - a wand of charming (7)
 M - a wand of mindburst (7)
 P - a wand of polymorph (7)
 R - a wand of roots (3)
Scrolls
 j - 4 scrolls of poison
 n - 7 scrolls of teleportation
 p - 3 scrolls of silence
 u - 4 scrolls of fog
 w - 2 scrolls of enchant armour
 A - 6 scrolls of enchant weapon
 B - 3 scrolls of summoning
 C - 4 scrolls of brand weapon
 D - a scroll of fear
 U - 3 scrolls of identify
 W - a scroll of revelation
Potions
 c - 8 potions of curing
 d - 2 potions of mutation
 f - 3 potions of lignification
 h - 9 potions of heal wounds
 l - 6 potions of brilliance
 m - 7 potions of invisibility
 o - 4 potions of might
 s - 3 potions of magic
 x - 3 potions of haste
 E - 4 potions of resistance
 K - 4 potions of ambrosia
 L - 2 potions of enlightenment


   Skills:
 + Level 10.4 Fighting
 - Level 9.4 Dodging
 - Level 2.4 Stealth
 * Level 2.6 Shields
 + Level 19.3 Spellcasting
 + Level 11.7 Conjurations
 - Level 10.0 Hexes
 + Level 7.5 Translocations
 + Level 5.0 Transmutations
 - Level 8.0 Fire Magic
 - Level 8.0 Air Magic
 + Level 10.3 Earth Magic


You had 2 spell levels left.
You knew the following spells:

 Your Spells              Type           Power      Damage    Failure   Level
a - Arcjolt               Conj/Air       35%        1d45      1%          5
b - Sandblast             Erth           100%       2d20      1%          1
c - Mephitic Cloud        Conj/Pois/Air  60%        N/A       1%          3
e - Inner Flame           Hex/Fire       69%        N/A       1%          3
p - Petrify               Tmut/Erth      64%        N/A       1%          4
q - Airstrike             Air            32%        2d(5-21)  1%          4
s - Stone Arrow           Conj/Erth      100%       3d13      1%          3
t - Tukima's Dance        Hex            72%        N/A       1%          3
u - Leda's Unmaking       Conj/Erth      37%        9d7       1%          6
w - Passwall              Tmut/Erth      53%        N/A       1%          2
y - Yara's Violent Unrav  Hex/Tmut       32%        3d13      1%          5
z - Iskenderun's Mystic   Conj/Tloc      71%        2d14      1%          4
D - Dazzling Flash        Conj/Hex       100%       N/A       1%          3
S - Slow                  Hex            100%       N/A       1%          1
W - Flame Wave            Conj/Fire      71%        2d16      1%          4

Your spell library contained the following spells:

 Spells                   Type           Power      Damage    Failure   Level
 Freezing Cloud           Conj/Ice/Air   30%        6-21      2%          5
 Freeze                   Ice            100%       1d10      1%          1
 Scorch                   Fire           100%       2d9       1%          2
 Static Discharge         Conj/Air       100%       2-7/arc   1%          2
 Wereblood                Tmut           55%        N/A       1%          2
 Sublimation of Blood     Necr           28%        N/A       6%          2
 Confusing Touch          Hex            72%        N/A       1%          3
 Portal Projectile        Hex/Tloc       100%       N/A       1%          3
 Volatile Blastmotes      Fire/Tloc      100%       2d18      1%          3
 Passage of Golubria      Tloc           64%        N/A       1%          4
 Sticky Flame             Conj/Fire      71%        2d8       1%          4
 Starburst                Conj/Fire      35%        6d10      3%          6
 Summon Lightning Spire   Summ/Air       50%        N/A       9%          4
 Vampiric Draining        Necr           28%        2d8       13%         3
 Blade Hands              Tmut           27%        N/A       14%         5
 Summon Cactus Giant      Summ           14%        N/A       100%        6
 Summon Hydra             Summ           14%        N/A       100%        7


Dungeon Overview and Level Annotations

Branches:
Dungeon (15/15)            Temple (1/1) D:6            Lair (5/5) D:11
  Swamp (2/4) Lair:2        Snake (2/4) Lair:2        Slime (0/5) Lair:5
    Orc (0/2) D:11         Vaults (0/5) D:13         Depths (1/4) D:15
Ossuary (visited)          Bailey (visited)

Altars:
Cheibriados
Dithmenos
Elyvilon
Fedhas
Gozag
Kikubaaqudgha
Makhleb
Nemelex Xobeh
Okawaru
Qazlal
Ru
Sif Muna
Trog
Vehumet
Xom
Yredelemnul
Zin
The Shining One
Jiyva

Shops:
D:8 !   D:12 !   D:15 *   Snake:1 *=**   Depths:1 [

Portals:
Trove: D:11 (give 2 scrolls of acquirement)

Annotations:
D:1 1 runed translucent door
D:13 4 transporters
Swamp:2 Aizul
Snake:1 3 runed translucent doors, exclusion: obsidian statue, Pokonic1's ghost, journeyman DsBe
Snake:2 Roxanne


Message History

Aizul coils herself and waves her upper body at you.
You fall asleep.
Aizul casts a spell at you. The bolt of poison hits you!!
You are poisoned.
You wake up.
Aizul coils herself and waves her upper body at you.
The bolt of poison hits you!
You are more poisoned.
* * * LOW HITPOINT WARNING * * *
You feel better.
Casting: Iskenderun's Mystic Blast (safe; 1% risk of failure)
Confirm with . or Enter, or press ? or * to list all spells.
You erupt in a blast of force!
The mystic blast hits Aizul!
Aizul is severely wounded.
Aizul is knocked back by the mystic blast.
Aizul coils herself and waves her upper body at you.
You block the poison arrow.
Casting: Iskenderun's Mystic Blast (safe; 1% risk of failure)
Confirm with . or Enter, or press ? or * to list all spells.
Aiming: Leda's Unmaking (dangerous; 1% risk of failure)
Press: ? - help, Shift-Dir - straight line, f/p - Aizul
Aim: Aizul (severely wounded, 51% to hit)
The entropic shot misses Aizul.
You feel much better.
Aizul coils herself and waves her upper body at you.
The bolt of poison hits you!!
You are poisoned.
As you read the scroll of fear, it crumbles to dust.
You assume a fearsome visage.
Aizul resists with almost no effort.
You feel very sick. You block Aizul's attack.
As you read the scroll of teleportation, it crumbles to dust.
You feel strangely unstable.
You feel very sick.
Aizul says, "Feeling sleepy?"
Aizul coils herself and waves her upper body at you.
The bolt of poison hits you!!!
You are more poisoned.
You die...

♣..~§~♣♣ ♣~~.~..♣
♣ ♣.~~~♣.♣♣ ~♣♣
♣~.†..~~♣~~~♣
♣<.♣..>~~~.♣
♣♣♣♣♣♣.~~.~.♣
♣♣..♣..~..~.♣♣
≈♣♣♣♣≈~.....♣~~~♣
..~~...S@~~♣♣♣.♣♣
♣..♣...♣...♣ .♣
♣....♣♣~..♣ ♣
♣♣~≈♣ ♣♣~♣♣ ~~♣♣
♣♣♣ ♣♣


You could see Aizul.

Vanquished Creatures
  Gastronok (Lair:3)
  3 very ugly things
  A stone giant (Depths:1)
  2 eleionomae (Swamp:1)
  A bunyip (Swamp:1)
  An ettin (Depths:1)
  A blizzard demon (Depths:1)
  Snorg (D:13)
  A fire dragon (Lair:5)
  Josephine (Swamp:1)
  An ice dragon (Depths:1)
  3 hydras
  A great orb of eyes (D:15)
  Harold (D:11)
  4 anacondas
  4 catoblepae
  2 dancing weapons (D:13)
  7 centaur warriors
  2 two-headed ogres
  2 boulder beetles (D:15)
  3 deep troll shamans (Depths:1)
  4 naga warriors
  An alligator (Swamp:1)
  3 deep troll earth magi (Depths:1)
  2 naga sharpshooters
  3 shock serpents
  A spriggan berserker (Depths:1)
  3 goliath frogs (Swamp:1)
  3 skysharks
  A swamp dragon (Lair:5)
  2 lindwurms (Lair:4)
  A spriggan druid (Swamp:1)
  4 deep trolls (Depths:1)
  A deep elf pyromancer (D:9)
  15 ugly things
  4 salamanders
  8 cyclopes
  4 manticores
  2 guardian serpents
  10 black mambas
  Maurice (D:12)
  26 elephants
  7 naga magi
  Psyche (D:10)
  A black mamba (shapeshifter) (D:15)
  3 gargoyles
  13 cane toads
  2 unseen horrors
  8 rime drakes
  An efreet (D:15)
  7 komodo dragons
  3 polar bears
  A bloated husk (Swamp:1)
  A queen bee (Lair:3)
  3 tyrant leeches
  3 trolls
  Grinder (D:3)
  A raiju (shapeshifter) (D:15)
  A tarantella (shapeshifter) (D:14)
  8 blink frogs (Lair:3)
  3 slime creatures
  5 wraiths
  3 vampires
  4 wyverns
  31 yaks
  10 basilisks
  3 fire bats (Lair:5)
  3 steam dragons
  7 vampire mosquitoes
  A redback (shapeshifter) (D:15)
  Menkaure (Ossuary)
  12 nagas
  2 swamp worms (Swamp:1)
  15 water moccasins
  3 acid dragons
  A swamp drake (Lair:5)
  4 ice beasts
  A black bear (Lair:4)
  13 orc warriors
  3 sky beasts
  2 ogres
  11 centaurs
  27 wolves
  2 phantoms (D:5)
  3 kobold brigands
  A gnoll sergeant (D:9)
  12 bullfrogs
  17 wights
  26 killer bees
  3 howler monkeys (D:10)
  2 centaur zombies (Ossuary)
  4 jellies
  4 hounds
  2 human zombies (D:5)
  An orc priest (D:13)
  5 iguanas
  3 orc wizards
  A sleepcap (D:6)
  Terence (D:2)
  3 ogre zombies (Ossuary)
  6 mummies (Ossuary)
  7 gnolls
  10 adders
  A shadow imp (D:7)
  A white imp (D:5)
  4 adder zombies (Ossuary)
  3 worms
  3 dart slugs
  41 orcs
  2 ball pythons (D:2)
  7 endoplasms
  4 giant cockroaches
  11 goblins
  9 hobgoblins
  10 jackals
  5 quokkas
  7 bats
  2 frilled lizards
  2 goblin zombies (Ossuary)
  3 hobgoblin zombies (Ossuary)
  19 kobolds
  6 kobold zombies (Ossuary)
  An orc zombie (Ossuary)
  6 quokka zombies (Ossuary)
  4 rats
  3 rat zombies (Ossuary)
639 creatures vanquished.

Vanquished Creatures (collateral kills)
  A two-headed ogre (D:11)
  A wyvern (D:11)
  An orc warrior (D:11)
  A centaur (D:11)
  A gnoll sergeant (D:12)
  A wight (D:9)
  A gnoll (D:12)
7 creatures vanquished.

Vanquished Creatures (others)
  8 dancing weapons
8 creatures vanquished.

Grand Total: 654 creatures vanquished

Notes
Turn   | Place    | Note
-------+----------+-------------------------------------------
     0 | D:1      | bobo the Deep Elf Earth Elementalist began the quest for
                  | the Orb.
     0 | D:1      | Reached XP level 1. HP: 10/10 MP: 6/6
     0 | D:1      | Noticed a jelly
     1 | D:1      | Found a runed translucent door.
     2 | D:1      | Noticed a jelly
   134 | D:1      | Reached XP level 2. HP: 16/16 MP: 6/8
   137 | D:1      | Learned a level 2 spell: Passwall
   486 | D:1      | Reached skill level 1 in Fighting
   628 | D:1      | Reached XP level 3. HP: 19/20 MP: 6/10
   748 | D:1      | Learned a level 3 spell: Stone Arrow
   791 | D:1      | Found a faded altar of an unknown god.
   806 | D:1      | Got Plato's Lectures on Chilblains
  1312 | D:2      | Reached skill level 4 in Spellcasting
  1375 | D:2      | Reached skill level 1 in Conjurations
  1438 | D:2      | Noticed Terence
  1443 | D:2      | Killed Terence
  1444 | D:2      | Reached XP level 4. HP: 25/25 MP: 1/12
  2406 | D:3      | Found a shimmering blue altar of Sif Muna.
  2499 | D:3      | Reached XP level 5. HP: 30/30 MP: 10/13
  2502 | D:3      | Learned a level 2 spell: Static Discharge
  2694 | D:3      | Noticed Grinder
  2702 | D:3      | Killed Grinder
  2703 | D:3      | Reached skill level 5 in Spellcasting
  2703 | D:3      | Reached skill level 1 in Air Magic
  2703 | D:3      | Reached XP level 6. HP: 20/36 MP: 9/15
  2777 | D:3      | Learned a level 4 spell: Airstrike
  3020 | D:4      | Reached skill level 5 in Earth Magic
  3119 | D:4      | Noticed a steam dragon
  3126 | D:4      | Killed a steam dragon
  3127 | D:4      | Reached XP level 7. HP: 40/40 MP: 9/17
  3308 | D:4      | Found an ancient bone altar of Kikubaaqudgha.
  3559 | D:5      | Entered Level 5 of the Dungeon
  3706 | D:5      | Found an opulent altar of Gozag.
  3727 | D:5      | Reached skill level 6 in Spellcasting
  3759 | D:5      | Found a shadowy altar of Dithmenos.
  4081 | D:5      | Found a sand-covered staircase.
  4089 | D:5      | Reached XP level 8. HP: 46/46 MP: 10/19
  4107 | Ossuary  | Entered an ossuary
  4668 | Ossuary  | Noticed Menkaure
  4695 | Ossuary  | Killed Menkaure
  4743 | Ossuary  | Reached skill level 7 in Spellcasting
  5066 | D:5      | Reached skill level 5 in Conjurations
  5175 | D:5      | Found a glowing golden altar of the Shining One.
  5810 | D:6      | Found a staircase to the Ecumenical Temple.
  5818 | Temple   | Entered the Ecumenical Temple
  5840 | Temple   | Became a worshipper of Vehumet
  5870 | D:6      | Reached skill level 8 in Spellcasting
  5870 | D:6      | Reached XP level 9. HP: 52/52 MP: 10/23
  6251 | D:6      | Reached skill level 5 in Air Magic
  6860 | D:7      | Found a flagged portal.
  6930 | Bailey   | Entered a bailey
  6936 | Bailey   | Learned a level 4 spell: Petrify
  7298 | Bailey   | Reached skill level 5 in Fighting
  7556 | Bailey   | Learned a level 3 spell: Tukima's Dance
  7558 | Bailey   | Learned a level 1 spell: Slow
  7633 | D:7      | Reached * piety under Vehumet
  7633 | D:7      | Offered knowledge of Kiss of Death by Vehumet.
  7638 | D:7      | Reached skill level 1 in Hexes
  8022 | D:7      | Reached skill level 9 in Spellcasting
  8256 | D:7      | Learned a level 4 spell: Iskenderun's Mystic Blast
  8742 | D:8      | Found a blossoming altar of Fedhas.
  8813 | D:8      | Found Ucwyidd Kukk's Distillery.
  9235 | D:8      | Identified the +7 hand axe "Hellblazer" {antimagic, Dex+6}
  9242 | D:8      | Reached XP level 10. HP: 59/59 MP: 25/25
  9728 | D:9      | Found a sacrificial altar of Ru.
  9785 | D:9      | Noticed a gargoyle
  9790 | D:9      | Killed a gargoyle
  9791 | D:9      | Reached skill level 1 in Translocations
 10042 | D:9      | Found an iron altar of Okawaru.
 10354 | D:9      | Offered knowledge of Momentum Strike by Vehumet.
 10384 | D:9      | Found a snail-covered altar of Cheibriados.
 10486 | D:9      | Noticed a two-headed ogre
 10495 | D:9      | Killed a two-headed ogre
 10496 | D:9      | Reached skill level 10 in Spellcasting
 10501 | D:9      | Reached ** piety under Vehumet
 10839 | D:9      | Upgraded the game from 0.31-a0-198-g2ad674f65e to
                  | 0.31-a0-202-g547052bce9
 10956 | D:9      | Noticed a deep elf pyromancer
 10958 | D:9      | Killed a deep elf pyromancer
 10959 | D:9      | Reached skill level 5 in Hexes
 11214 | D:10     | Entered Level 10 of the Dungeon
 11214 | D:10     | Noticed Psyche
 11316 | D:10     | Noticed a two-headed ogre
 11324 | D:10     | Killed a two-headed ogre
 11339 | D:10     | Noticed a green ugly thing
 11361 | D:10     | Killed Psyche
 11362 | D:10     | Reached XP level 11. HP: 65/65 MP: 8/27
 11783 | D:10     | Found a stormy altar of Qazlal.
 12060 | D:11     | Noticed Harold
 12198 | D:11     | Noticed a two-headed ogre
 12208 | D:11     | Killed a two-headed ogre
 12380 | D:11     | Killed Harold
 12381 | D:11     | Reached skill level 11 in Spellcasting
 12385 | D:11     | Identified the +8 trident "Xiro" {heavy, rCorr Dex+5 SInv
                  | Stlth-}
 12584 | D:11     | Learned a level 3 spell: Dazzling Flash
 12615 | D:11     | Offered knowledge of Mephitic Cloud by Vehumet.
 12713 | D:10     | Learned a level 3 spell: Mephitic Cloud
 12722 | D:11     | Reached skill level 5 in Translocations
 12931 | D:11     | Noticed a cyan ugly thing
 12938 | D:11     | Killed a cyan ugly thing
 13053 | D:11     | Found a portal to a secret trove of treasure.
 13087 | D:11     | Reached *** piety under Vehumet
 13127 | D:11     | Found a staircase to the Lair.
 13332 | D:11     | Found a staircase to the Orcish Mines.
 13799 | D:12     | Noticed Maurice
 13799 | D:12     | Noticed a white ugly thing
 13810 | D:12     | Killed a white ugly thing
 13818 | D:12     | Killed Maurice
 14032 | D:12     | Reached XP level 12. HP: 72/72 MP: 27/29
 14218 | D:12     | You fall into a shaft and drop 3 floors!
 14218 | D:15     | Entered Level 15 of the Dungeon
 14323 | D:14     | Reached skill level 12 in Spellcasting
 14464 | D:14     | Learned a level 4 spell: Flame Wave
 14522 | D:13     | Noticed a centaur warrior
 14578 | D:13     | Noticed a centaur warrior
 14624 | D:13     | Killed a centaur warrior
 14624 | D:13     | Offered knowledge of Sticky Flame by Vehumet.
 14625 | D:13     | Reached skill level 1 in Fire Magic
 14774 | D:13     | Killed a centaur warrior
 14816 | D:13     | Reached skill level 10 in Conjurations
 15013 | D:13     | Found a transporter.
 15013 | D:13     | Found a transporter.
 15015 | D:13     | Found a transporter.
 15070 | D:13     | Noticed Snorg
 15098 | D:13     | Killed Snorg
 15247 | D:13     | Found a transporter.
 15322 | D:13     | Found a gate to the Vaults.
 15370 | D:13     | Noticed a centaur warrior
 15373 | D:13     | Killed a centaur warrior
 15734 | D:12     | Found Laisus's Distillery.
 15965 | Lair:1   | Entered Level 1 of the Lair of Beasts
 16062 | Lair:1   | Reached skill level 13 in Spellcasting
 16080 | Lair:1   | Reached **** piety under Vehumet
 16166 | Lair:1   | Offered knowledge of Arcjolt by Vehumet.
 16179 | Lair:1   | Noticed a catoblepas
 16670 | Lair:2   | Reached XP level 13. HP: 79/79 MP: 23/32
 16854 | Lair:2   | Reached skill level 5 in Fire Magic
 17185 | Lair:2   | Found a staircase to the Snake Pit.
 17449 | Lair:2   | Found a staircase to the Swamp.
 17696 | Lair:2   | Learned a level 5 spell: Arcjolt
 17707 | Lair:3   | Reached skill level 5 in Dodging
 17710 | Lair:3   | Reached ***** piety under Vehumet
 17710 | Lair:3   | Offered knowledge of Ozocubu's Refrigeration by Vehumet.
 17713 | Lair:3   | Reached skill level 14 in Spellcasting
 17815 | Lair:3   | Found a stormy altar of Qazlal.
 18090 | Lair:3   | Noticed Gastronok
 18129 | Lair:3   | Killed Gastronok
 18509 | Lair:3   | Offered knowledge of Eringya's Noxious Bog by Vehumet.
 19076 | Lair:4   | Reached skill level 10 in Earth Magic
 19151 | Lair:4   | Reached XP level 14. HP: 86/86 MP: 31/34
 20008 | Lair:5   | Entered Level 5 of the Lair of Beasts
 20020 | Lair:5   | Reached skill level 15 in Spellcasting
 20284 | Lair:5   | Found a viscous altar of Jiyva.
 20286 | Lair:5   | Found a staircase to the Slime Pits.
 20552 | Lair:5   | Reached skill level 10 in Fighting
 20572 | Lair:5   | Identified the +1 flail of War {flame, rPois Int+3 Dex+3
                  | Stlth+}
 20697 | Lair:5   | Upgraded the game from 0.31-a0-202-g547052bce9 to
                  | 0.31-a0-204-g7da18cac08
 21601 | D:13     | Learned a level 5 spell: Yara's Violent Unravelling
 22015 | D:14     | Found a white marble altar of Elyvilon.
 22248 | D:14     | Offered knowledge of Leda's Unmaking by Vehumet.
 22927 | D:15     | Found Winuhumo's Serpentskin Sales.
 22935 | D:15     | Reached XP level 15. HP: 92/92 MP: 28/36
 23456 | D:15     | Found a staircase to the Depths.
 23465 | Depths:1 | Entered Level 1 of the Depths
 23484 | Depths:1 | Reached skill level 16 in Spellcasting
 23736 | Depths:1 | Reached skill level 17 in Spellcasting
 23893 | Depths:1 | Found Eheuc's Antique Armour Shoppe.
 24045 | Swamp:1  | Entered Level 1 of the Swamp
 24050 | Swamp:1  | Reached skill level 18 in Spellcasting
 24237 | Swamp:1  | Noticed Josephine
 24267 | Snake:1  | Entered Level 1 of the Snake Pit
 24283 | Snake:1  | Learned a level 6 spell: Leda's Unmaking
 24366 | Snake:1  | Found Naxzyissi's Assorted Antiques.
 24409 | Snake:1  | Found a runed translucent gate.
 24410 | Snake:1  | Found a runed translucent gate.
 24480 | Snake:1  | Found Datze's Jewellery Shoppe.
 24485 | Snake:1  | Bought the ring "Icsinei" {rC+ MP+9 Dex+8} for 711 gold
                  | pieces
 24614 | Snake:1  | Found a runed translucent gate.
 24615 | Snake:1  | Found an opulent altar of Gozag.
 24621 | Snake:1  | Noticed Pokonic1's ghost (journeyman DsBe)
 24622 | Snake:1  | Found Xanlaest's Assorted Antiques.
 24651 | Snake:1  | Reached skill level 19 in Spellcasting
 24692 | Snake:1  | Found Hygan's General Store.
 24700 | Snake:1  | Bought a +0 buckler for 58 gold pieces
 24700 | Snake:1  | Bought a scroll of enchant armour for 97 gold pieces
 24997 | Snake:1  | Reached skill level 1 in Shields
 24999 | Snake:1  | Reached skill level 10 in Hexes
 25358 | Snake:2  | Identified Roxanne's Compilation of the Shapeshifter
 25358 | Snake:2  | Noticed Roxanne
 25487 | Snake:2  | Learned a level 3 spell: Inner Flame
 25554 | Swamp:1  | Offered knowledge of Freezing Cloud by Vehumet.
 25555 | Swamp:1  | Killed Josephine
 25769 | Swamp:1  | Reached ****** piety under Vehumet
 25770 | Swamp:1  | Reached skill level 5 in Transmutations
 25950 | Swamp:2  | Reached XP level 16. HP: 98/98 MP: 31/41
 25991 | Swamp:2  | Noticed Aizul
 26012 | Swamp:2  | Killed from afar by Aizul

Illustrated notes

Levels and vault maps discovered:
D:1:      dpeg_arrival_caged_fury, layout_basic,
          shapermc_ecumenical_altar_rom_forum
D:2:      layout_basic, uniq_terence
D:3:      layout_rooms, mainiacjoe_overflow_alcove_1, uniq_grinder
D:4:      layout_cave_pools, lemuel_tele_altar
D:5:      layout_rooms, grunt_gozag_statues, mainiacjoe_overflow_swirl,
          enter_ossuary_3
D:6:      layout_loops_corners, minmay_temple_entry_wispy
D:7:      layout_loops_corners, enter_bailey_5
D:8:      layout_basic, mainiacjoe_overflow_concentric_impassable, serial_shops,
          shop
D:9:      layout_roguey, mainiacjoe_overflow_boulevard,
          mainiacjoe_overflow_chevrons, mainiacjoe_overflow_surrounded_room,
          minmay_circle_x
D:10:     layout_cave_pools, nicolae_qazlal_style_of_elements, uniq_psyche
D:11:     layout_roguey, hellmonk_lair_entry_icy, orc_david_3, enter_trove_3,
          uniq_harold
D:12:     layout_roguey, nicolae_stop_n_shop_2, uniq_maurice
D:13:     layout_basic, erik_vaults_1, nicolae_diode_quadrants, uniq_snorg
D:14:     layout_cave_pools, elyvilon_altar_3
D:15:     gammafunk_enter_depths_forms, layout_cave_pools, minivault_24,
          guppyfry_shop_venom
Temple:   chequers_temple_sunken
Lair:1:   layout_misc_corridors, grunt_megastairs_1
Lair:2:   layout_long_grid, minmay_swamp_entry_swarm,
          guppyfry_snake_entry_island
Lair:3:   regret_index_wax_grids, layout_misc_corridors, basic_altar,
          uniq_gastronok
Lair:4:   layout_long_grid, nicolae_lair_lindhole
Lair:5:   guppyfry_lair_end_dragon, layout_loops_ring,
          minmay_slime_entry_pillars, nicolae_volcano_entry_batcave,
          grunt_megastairs_2
Swamp:1:  layout_basic_swamp, evilmike_swamp_ruin_wall, uniq_josephine
Swamp:2:  nicolae_swamp_standing_stones, layout_falls_marsh,
          evilmike_swamp_ruin_rubble_1, infiniplex_staircase_pool, uniq_aizul
Snake:1:  layout_concentric_octagons, ebering_ghost_gozag, serial_shops,
          nicolae_shop_back_alley_shop, shop,
          nicolae_shop_competitors_out_of_business, nicolae_snake_gridmaze_waves
Snake:2:  cheibrodos_toxic_ritual, layout_misc_corridors, serial_bayou_shore_a,
          uniq_roxanne
Depths:1: layout_gridlike, serial_shops, kennysheep_mini, serial_glass,
          glass_columns_a, glass_columns_a, minmay_strange_pillars,
          due_unseen_surprise, item_on_display_a,
          serial_sigils_hangedman_scratch, hangedman_coc_ice_floe, st_stairs_11,
          nicolae_shop_self_help, firewood_loft, minmay_shop_grove,
          uniq_enchantress

Skill      XL: |  1  2  3  4  5  6  7  8  9 10 11 12 13 14 15 |
---------------+----------------------------------------------+-----
Fighting       | 1 2 3 4 5 6 7 8 9 10 | 10.4
Spellcasting   | 4 5 6 8 9 10 11 13 14 15 19 | 19.3
Earth Magic    | 4 5 6 8 10 | 10.3
Conjurations   | 1 2 3 4 5 7 8 9 10 11 | 11.7
Air Magic      | 1 2 3 4 6 7 8 |  8.0
Transmutations | 3 5 |  5.0
Hexes          | 2 5 7 8 9 10 | 10.0
Translocations | 3 5 6 7 |  7.5
Fire Magic     | 4 7 8 |  8.0
Dodging        | 3 7 9 |  9.4
Shields        | 2 |  2.6
Stealth        | |  2.4

Action                     |  1- 3 |  4- 6 |  7- 9 | 10-12 | 13-15 | 16-18 || total
---------------------------+-------+-------+-------+-------+-------+-------++-------
  Melee: Short sword       |       |       |     6 |     3 |       |       ||     9
         Trident           |       |       |       |     6 |    14 |       ||    20
   Cast: Sandblast         |    54 |    52 |   100 |    10 |     4 |       ||   220
         Stone Arrow       |     5 |    13 |    80 |   185 |   422 |       ||   705
         Static Discharge  |       |       |    14 |     9 |       |       ||    23
         Passwall          |       |       |     1 |     2 |     4 |       ||     7
         Airstrike         |       |       |    48 |    89 |   151 |       ||   288
         Tukima's Dance    |       |       |    13 |    26 |     6 |       ||    45
         Iskenderun's Myst |       |       |       |    15 |    84 |     5 ||   104
         Petrify           |       |       |       |     3 |     3 |       ||     6
         Mephitic Cloud    |       |       |       |     5 |    32 |       ||    37
         Dazzling Flash    |       |       |       |     9 |     9 |       ||    18
         Arcjolt           |       |       |       |       |    28 |       ||    28
         Flame Wave        |       |       |       |       |     6 |       ||     6
         Yara's Violent Un |       |       |       |       |     5 |       ||     5
         Leda's Unmaking   |       |       |       |       |    53 |     8 ||    61
    Use: Potion            |       |     1 |       |     1 |     1 |     4 ||     7
         Scroll            |       |       |    15 |     5 |    13 |     2 ||    35
   Stab: Confused          |       |       |       |       |     3 |       ||     3
 Armour: Robe              |     5 |     8 |    17 |    17 |       |       ||    47
         Troll leather arm |       |       |       |    19 |    66 |       ||    85
  Dodge: Dodged            |     9 |    16 |    91 |   110 |   214 |     1 ||   441
  Block: Buckler           |       |       |       |       |     5 |     2 ||     7

Table legend: (Time is in decaauts)
 A = Elapsed time spent in this place.
 B = Non-inter-level travel time spent in this place.
 C = Inter-level travel time spent in this place.
 D = Time resting spent in this place.
 E = Time spent auto-exploring this place.
 F = Levels seen in this place.
 G = Mean time per level.
                   A        B        C        D        E       F      G
               +--------+--------+--------+--------+--------+-----+--------+
         Total |  26222 |  24811 |   1411 |   1815 |  18294 |  28 |  936.5 |
       Dungeon |  16613 |  15610 |   1003 |   1197 |  11811 |  15 | 1107.5 |
        Temple |     37 |     24 |     13 |      0 |     12 |   1 |   37.0 |
          Lair |   5611 |   5320 |    291 |     66 |   4064 |   5 | 1122.2 |
         Swamp |    699 |    690 |      9 |      0 |    561 |   2 |  349.5 |
     Snake Pit |   1264 |   1170 |     94 |     83 |    903 |   2 |  632.0 |
        Depths |    445 |    445 |      0 |      0 |    251 |   1 |  445.0 |
       Ossuary |    894 |    894 |      0 |     43 |    691 |   1 |  894.0 |
        Bailey |    655 |    655 |      0 |    426 |      0 |   1 |  655.0 |
               +--------+--------+--------+--------+--------+-----+--------+

Top non-repeatable levels by time:
    D:13: 1696 daAuts
     D:9: 1641 daAuts
     D:6: 1520 daAuts
  Lair:3: 1394 daAuts
     D:2: 1376 daAuts
  Lair:5: 1367 daAuts
     D:7: 1254 daAuts
    D:11: 1250 daAuts
 Snake:1: 1201 daAuts
  Lair:2: 1153 daAuts
    D:10: 1110 daAuts
     D:8: 1038 daAuts
    D:15: 1013 daAuts
  Lair:4: 956 daAuts
     D:1: 934 daAuts
